 Dungeon Crawl Stone Soup version 0.30-a0-4-ga7cffc901d (webtiles) character file.

Game seed: 15502075695218306844

82 Setbun the Sneak (level 4, -1/25 HPs)
             Began as a Kobold Enchanter on Aug 20, 2022.
             Slain by an adder (4 damage)
             ... on level 3 of the Dungeon.
             The game lasted 00:01:40 (2199 turns).

Setbun the Sneak (Kobold Enchanter)                 Turns: 2199, Time: 00:01:41

Health: -1/25      AC:  2    Str:  5    XL:     4   Next: 70%
Magic:  7/7        EV: 15    Int: 16    God:
Gold:   170        SH:  0    Dex: 17    Spells: 8/8 levels left

rFire   . . .      SeeInvis +    a - +1 dagger
rCold   + . .      Faith    .    (no shield)
rNeg    . . .      Spirit   .    b - +0 robe
rPois   .          Reflect  .    (no helmet)
rElec   .          Harm     .    (no cloak)
rCorr   .          Rampage  .    (no gloves)
Will    .....                    (no boots)
Stlth   ++++......               (no amulet)
HPRegen 0.08/turn                f - ring of see invisible
MPRegen 0.10/turn                e - ring of protection from cold

@: no status effects
A: small, no large weapons, nightstalker 3
a: no special abilities


You were on level 3 of the Dungeon.
You visited 1 branch of the dungeon, and saw 3 of its levels.

You collected 170 gold pieces.

Inventory:

Hand Weapons
 a - a +1 dagger (weapon)
Armour
 b - a +0 robe (worn)
Jewellery
 e - a ring of protection from cold (right hand)
 f - a ring of see invisible (left hand)
 g - a ring of resist corrosion
Scrolls
 d - 3 scrolls of teleportation {unknown}
 h - a scroll of fog {unknown}
 i - a scroll of magic mapping {unknown}
 k - a scroll of immolation {unknown}
 l - a scroll of silence {unknown}
Potions
 c - 2 potions of invisibility
 j - a potion of curing


   Skills:
 + Level 1.0 Fighting
 * Level 3.0 Short Blades
 + Level 3.0 Dodging
 + Level 4.6 Stealth
 + Level 2.6 Spellcasting
 + Level 3.4 Hexes


You had 8 spell levels left.
You didn't know any spells.
Your spell library contained the following spells:

 Spells                   Type           Power      Damage    Failure   Level
 Ensorcelled Hibernation  Hex/Ice        14%        N/A       14%         2
 Confusing Touch          Hex            13%        N/A       14%         3
 Tukima's Dance           Hex            13%        N/A       14%         3
 Dazzling Flash           Conj/Hex       14%        N/A       28%         3


Dungeon Overview and Level Annotations

Branches:
Dungeon (3/15)

Altars:


Innate Abilities, Weirdness & Mutations

You are small and have problems with some larger weapons.
You are completely attuned to the shadows.


Message History

The orc shouts!
You hear an angry hiss.
An adder comes into view.
The orc unwields a +0 shortbow.
The orc wields a +0 hand axe.
The orc barely misses you.
You see here a +0 leather armour.
You hit the orc but do no damage.
The orc drinks a potion.
The orc flickers and vanishes for a moment.
You closely miss the orc. The orc hits you with a +0 hand axe.
You hit the orc but do no damage. The orc hits you with a +0 hand axe.
You hit the adder.
The adder is moderately wounded.
The adder barely misses you.
You barely miss the adder.
The adder is moderately wounded.
The orc barely misses you. The adder closely misses you.
You hit the adder.
The adder is heavily wounded.
The orc misses you. The adder closely misses you.
You hit the adder but do no damage.
The adder is heavily wounded.
The adder barely misses you. The orc completely misses you.
There are monsters nearby!
There are monsters nearby!
You miss the adder.
The adder is heavily wounded.
The adder misses you. The orc hits you with a +0 hand axe.
You barely miss the adder. You punch the adder, but do no damage.
The adder is heavily wounded.
The adder barely misses you. The orc misses you.
You closely miss the adder.
The adder is heavily wounded.
The adder bites you.
You hit the adder.
The adder is severely wounded.
The adder bites you but does no damage. The orc closely misses you.
The adder bites you.
You hit the orc but do no damage. The orc hits you with a +0 hand axe!
* * * LOW HITPOINT WARNING * * *
The adder bites you.
You die...

#.....##.####
#.#
..###.##.#
### ## #.##.#
#.##.#
#....###
##.....##
##........
#)........
.......@S...
###.....o...
#.........
#.........
.........


You could see an adder and an orc (invisible).

Vanquished Creatures
  Terence (D:2)
  A gnoll (D:1)
  2 adders (D:2)
  8 bats
  4 endoplasms
  A giant cockroach (D:1)
  A goblin (D:2)
  2 hobgoblins
  A quokka (D:2)
  3 ball pythons
  A frilled lizard (D:1)
  5 rats
30 creatures vanquished.

Notes
Turn   | Place    | Note
-------+----------+-------------------------------------------
     0 | D:1      | Setbun the Kobold Enchanter began the quest for the Orb.
     0 | D:1      | Reached XP level 1. HP: 10/10 MP: 3/3
    30 | D:1      | Reached XP level 2. HP: 15/15 MP: 5/5
   364 | D:1      | Reached XP level 3. HP: 19/19 MP: 6/6
  1231 | D:2      | Reached XP level 4. HP: 5/24 MP: 7/7
  1865 | D:2      | Noticed Terence
  1869 | D:2      | Killed Terence
  1870 | D:2      | Reached skill level 1 in Fighting
  2199 | D:3      | Slain by an adder

Illustrated notes

Levels and vault maps discovered:
D:1:      scummos_arrival_simple_fountains, layout_basic, minmay_cut_off
D:2:      layout_loops_corners, uniq_terence
D:3:      layout_rooms, mainiacjoe_overflow_alcove_4,
          ebering_ghost_disaster_area, uniq_natasha, uniq_crazy_yiuf_cottage,
          uniq_jessica

Skill      XL: |  1  2  3  4 |
---------------+-------------+-----
Short Blades   | 2 3 |  3.0
Fighting       | 1 |  1.0
Dodging        | 3 |  3.0
Stealth        | |  4.6
Spellcasting   | |  2.6
Hexes          | |  3.4

Action                   |  1- 3 |  4- 6 || total
-------------------------+-------+-------++-------
Melee: Dagger            |    60 |    25 ||    85
       Punch             |     1 |     1 ||     2
  Use: Potion            |       |     2 ||     2
 Stab: Sleeping          |    16 |     3 ||    19
Armor: Robe              |     2 |     2 ||     4
Dodge: Dodged            |    27 |    17 ||    44

Table legend: (Time is in decaauts)
 A = Elapsed time spent in this place.
 B = Non-inter-level travel time spent in this place.
 C = Inter-level travel time spent in this place.
 D = Time resting spent in this place.
 E = Time spent auto-exploring this place.
 F = Levels seen in this place.
 G = Mean time per level.
                   A        B        C        D        E       F      G
               +--------+--------+--------+--------+--------+-----+--------+
         Total |   2186 |   2119 |     67 |      0 |   1916 |   3 |  728.7 |
       Dungeon |   2186 |   2119 |     67 |      0 |   1916 |   3 |  728.7 |
               +--------+--------+--------+--------+--------+-----+--------+

Top non-repeatable levels by time:
     D:2: 1311 daAuts
     D:1: 769 daAuts
     D:3: 105 daAuts
